 Seeded DCSS version 0.31-a0-237-g2d982f9f85 (webtiles) character file.

Game seed: 784279740803775113 (custom seed)

27735 McKennaii the Destroyer (level 12, -11/81 HPs)
             Began as a Demigod Conjurer on July 11, 2023.
             Mangled by a black mamba (15 damage)
             ... on level 2 of the Lair of Beasts.
             The game lasted 00:23:48 (21360 turns).

McKennaii the Destroyer (Demigod Conjurer)         Turns: 21360, Time: 00:23:49

Health: -11/81     AC: 12    Str:  8    XL:     12   Next: 70%
Magic:  1/32       EV: 10    Int: 36    God:
Gold:   86         SH:  0    Dex: 12    Spells: 21/33 levels left

rFire   + . .        w - +2 dagger (venom)
rCold   . . .        (no shield)
rNeg    . . .        m - +3 ring mail {rF+}
rPois   +            (no helmet)
rElec   .            C - +0 cloak {Will+}
rCorr   .            l - +0 pair of gloves
SInv    .            (no boots)
Will    ++...        (no amulet)
Stlth   +            A - ring of poison resistance
HPRegen 0.33/turn    a - ring of the Mage {Wiz Archmagi}
MPRegen 0.23/turn

%: wizardry (x1), archmagi
@: lethally poisoned (-11 -> -12), about to teleport
A: high MP 1, forlorn, divine attributes
a: no special abilities


You were on level 2 of the Lair of Beasts.
You visited 3 branches of the dungeon, and saw 14 of its levels.

You collected 1382 gold pieces.
You spent 1296 gold pieces at shops.

Inventory:

Hand Weapons
 w - a +2 dagger of venom (weapon)
Missiles
 e - a throwing net
Armour
 l - a +0 pair of gloves (worn)
 m - a +3 ring mail of fire resistance (worn)
 C - a +0 cloak of willpower (worn)
Jewellery
 a - the ring of the Mage (right hand) {Wiz Archmagi}
   (You bought it in a shop on level 1 of the Orcish Mines)

   [ring of wizardry]

   It improves your spell success rate.
   Archmagi:  It increases the power of your magical spells.
 A - a ring of poison resistance (left hand)
 G - a ring of wizardry
Wands
 i - a wand of acid (4)
 x - a wand of charming (7)
 z - a wand of flame (22)
 B - a wand of roots (3)
Scrolls
 c - 6 scrolls of teleportation
 g - a scroll of enchant weapon
 j - a scroll of poison
 k - 2 scrolls of identify
 n - 5 scrolls of vulnerability
 o - 2 scrolls of enchant armour
 p - 2 scrolls of blinking
 r - 2 scrolls of amnesia
 t - a scroll of immolation
 v - a scroll of fog
 y - a scroll of revelation
 J - a scroll of fear
Potions
 b - 4 potions of magic
 d - a potion of heal wounds
 f - 2 potions of might
 h - 3 potions of brilliance {unknown}
 q - 6 potions of curing
 s - 2 potions of invisibility {unknown}
 u - 2 potions of mutation {unknown}
 D - a potion of haste {unknown}
 E - 3 potions of lignification {unknown}
 F - a potion of attraction {unknown}
 H - 2 potions of cancellation {unknown}
 I - a potion of berserk rage {unknown}


   Skills:
 - Level 7.3 Armour
 - Level 1.7 Dodging
 - Level 1.7 Stealth
 + Level 11.3 Spellcasting
 + Level 12.6 Conjurations
 + Level 9.0 Fire Magic


You had 21 spell levels left.
You knew the following spells:

 Your Spells              Type           Power      Damage    Failure   Level
a - Magic Dart            Conj           100%       1d8       1%          1
b - Searing Ray           Conj           100%       2d8       1%          2
c - Iskenderun's Mystic   Conj/Tloc      78%        2d16      1%          4
d - Fireball              Conj/Fire      49%        3d19      1%          5

Your spell library contained the following spells:

 Spells                   Type           Power      Damage    Failure   Level
 Foxfire                  Conj/Fire      100%       2x1d9     1%          1
 Dazzling Flash           Conj/Hex       100%       N/A       1%          3
 Ignite Poison            Fire/Tmut/Pois 58%        N/A       1%          3
 Inner Flame              Hex/Fire       68%        N/A       1%          3
 Flame Wave               Conj/Fire      99%        2d21      1%          4
 Fulminant Prism          Conj/Hex       39%        3d18      1%          4
 Sticky Flame             Conj/Fire      99%        2d11      1%          4
 Slow                     Hex            100%       N/A       2%          1
 Cigotuvi's Dreadful Rot  Necr/Pois/Air  60%        N/A       3%          2
 Starburst                Conj/Fire      49%        6d14      4%          6
 Call Canine Familiar     Summ           30%        N/A       6%          3
 Confusing Touch          Hex            30%        N/A       6%          3
 Portal Projectile        Hex/Tloc       60%        N/A       6%          3
 Vampiric Draining        Necr           30%        2d8       6%          3
 Freezing Cloud           Conj/Ice/Air   33%        6-21      11%         5
 Cause Fear               Hex            15%        N/A       21%         4
 Leda's Liquefaction      Hex/Erth       15%        N/A       21%         4
 Plasma Beam              Fire/Air       34%        2x1d47    43%         6
 Dragon Form              Tmut           15%        N/A       100%        7
 Dragon's Call            Summ           15%        N/A       100%        9


Dungeon Overview and Level Annotations

Branches:
Dungeon (10/15)            Temple (0/1) D:5            Lair (2/5) D:8
    Orc (2/2) D:9             Elf (0/3) Orc:2
  Swamp: Lair:2-3    Shoals: Lair:2-3     Snake: Lair:2-3    Spider: Lair:2-3

Shops:
D:8 :?   Orc:1 =(:[   Orc:2 **=!

Annotations:
D:4 Dowan


Innate Abilities, Weirdness & Mutations

You have an increased reservoir of magic. (+10% MP)
You shall have no god before yourself.
Your divine heritage dramatically boosts your attributes as you level up.


Message History

The black mamba is knocked back by the mystic blast.
You feel very sick.
You hear a croak.
You hear an angry hiss.
The blink frog blinks!
Unknown command.
Unknown command.
You feel very sick.
A blink frog comes into view.
You feel sick.
You feel sick.
The black mamba bites you but does no damage.
Casting: Iskenderun's Mystic Blast (dangerous; 1% risk of failure)
Confirm with . or Enter, or press ? or * to list all spells.
Aiming: Searing Ray (safe; 1% risk of failure)
Press: ? - help, Shift-Dir - straight line, f - black mamba
Aim: a black mamba (heavily wounded, 72% to hit)
You feel a surge of power!
The searing ray hits the black mamba!
The black mamba is severely wounded.
The searing ray hits the water moccasin!
The water moccasin is moderately wounded. (Press . to maintain the ray.)
You feel sick. The black mamba bites you!
Without enough magic to sustain it, your searing ray dissipates.
You feel sick. The black mamba bites you! x2
* * * LOW HITPOINT WARNING * * *
You feel sick. The black mamba barely misses you. The black mamba bites you.
* * * LOW HITPOINT WARNING * * *
Unknown command.
Unknown command.
Okay, then.
You feel much better.
You feel sick. The black mamba bites you!
* * * LOW HITPOINT WARNING * * *
A water moccasin comes into view.
The black mamba closely misses you.
Unknown command.
As you read the scroll of teleportation, it crumbles to dust.
You feel strangely unstable.
You feel sick. The black mamba bites you!
* * * LOW HITPOINT WARNING * * *
The black mamba bites you!
You die...

.........................
.........................
...........P.............
....PP#.##..##....
......####.## ....
.......###.+# .. ......
#P...+ ......##....# .#
.......##.@+### ...#
.......#.##S#.#.....
..§....##..+S......#
.............S......
........F.†.........
...†................
............F.......
......F............#
....#....#P..#..##..


You could see a black mamba and 2 water moccasins.

Vanquished Creatures
  A catoblepas (Lair:1)
  2 centaur warriors (D:9)
  A boulder beetle (Lair:1)
  A two-headed ogre (D:10)
  3 orc high priests (Orc:2)
  A skyshark (Lair:2)
  A death drake (shapeshifter) (D:9)
  A cyclops (D:7)
  5 orc knights
  4 orc sorcerers (Orc:2)
  4 black mambas
  3 cane toads
  Maurice (Orc:2)
  2 elephants (Lair:1)
  A rime drake (Lair:1)
  5 komodo dragons (Lair:1)
  The ghost of Pelmen the Conjurer, an amateur DrCj of Sif Muna (D:4)
  A troll (Orc:2)
  11 blink frogs
  2 shadows (D:9)
  19 yaks
  2 basilisks (Lair:1)
  A steam dragon (D:8)
  2 wargs
  2 water moccasins (Lair:1)
  Duvessa (D:4)
  An ice beast (D:6)
  18 orc warriors
  3 sky beasts
  3 black bears
  3 centaurs
  7 ogres
  2 phantoms
  3 kobold brigands
  8 bullfrogs
  A gnoll sergeant (D:8)
  6 scorpions
  A troll zombie (D:9)
  9 killer bees
  5 howler monkeys
  3 electric eels (D:6)
  2 jellies
  4 hounds
  15 orc priests
  A sleepcap (D:4)
  16 orc wizards
  9 iguanas
  5 ogre zombies (D:9)
  6 gnolls
  12 adders
  A shadow imp (D:5)
  3 white imps
  An ufetubus (D:6)
  A worm (D:3)
  5 dart slugs
  52 orcs
  12 endoplasms
  6 giant cockroaches
  9 goblins
  9 hobgoblins
  12 quokkas
  10 ball pythons
  4 bats
  2 frilled lizards
  2 goblin skeletons (D:9)
  2 hobgoblin skeletons (D:9)
  2 hobgoblin zombies (D:9)
  28 kobolds
  13 orc zombies (D:9)
  6 rats
401 creatures vanquished.

Notes
Turn   | Place    | Note
-------+----------+-------------------------------------------
     0 | D:1      | McKennaii the Demigod Conjurer began the quest for the Orb.
     0 | D:1      | Reached XP level 1. HP: 14/14 MP: 5/5
   334 | D:1      | Reached XP level 2. HP: 20/20 MP: 5/7
   337 | D:1      | Learned a level 2 spell: Searing Ray
   775 | D:1      | Reached skill level 4 in Conjurations
  1223 | D:2      | Reached XP level 3. HP: 26/26 MP: 6/9
  2320 | D:3      | Reached XP level 4. HP: 33/33 MP: 8/11
  2765 | D:3      | Noticed a centaur
  2781 | D:3      | Killed a centaur
  2782 | D:3      | Reached skill level 5 in Conjurations
  2782 | D:3      | Reached XP level 5. HP: 7/38 MP: 4/13
  3491 | D:4      | Learned a level 4 spell: Iskenderun's Mystic Blast
  3687 | D:4      | Noticed a black bear
  3694 | D:4      | Killed a black bear
  3695 | D:4      | Reached XP level 6. HP: 42/45 MP: 1/15
  3855 | D:4      | Reached skill level 6 in Conjurations
  4051 | D:4      | Noticed Dowan
  4052 | D:4      | Noticed Duvessa
  4074 | D:4      | Killed Duvessa
  4075 | D:4      | Reached XP level 7. HP: 50/50 MP: 9/17
  4121 | D:4      | Reached skill level 5 in Spellcasting
  4350 | D:4      | Learned a level 5 spell: Fireball
  4788 | D:4      | Found a runed translucent door.
  4791 | D:4      | Noticed Pelmen's ghost (amateur DrCj)
  5018 | D:5      | Entered Level 5 of the Dungeon
  5026 | D:5      | Reached skill level 7 in Conjurations
  5610 | D:5      | Found a staircase to the Ecumenical Temple.
  5673 | D:5      | Reached XP level 8. HP: 45/57 MP: 11/20
  6850 | D:6      | Reached skill level 8 in Conjurations
  7640 | D:6      | Reached XP level 9. HP: 30/62 MP: 1/24
  8011 | D:6      | Reached skill level 9 in Conjurations
  8104 | D:6      | Reached skill level 1 in Fire Magic
  8366 | D:6      | Reached skill level 1 in Armour
  8740 | D:7      | Noticed a cyclops
  8758 | D:7      | Killed a cyclops
  9356 | D:4      | Killed Pelmen's ghost
  9506 | D:8      | Found Cigy's Magic Scroll Boutique.
  9512 | D:8      | Bought a scroll of blinking for 82 gold pieces
  9512 | D:8      | Bought a scroll of teleportation for 33 gold pieces
  9512 | D:8      | Bought a scroll of noise for 11 gold pieces
  9513 | D:8      | Bought a scroll of teleportation for 33 gold pieces
  9830 | D:8      | Found Maleb's Book Emporium.
 10010 | D:8      | Found a staircase to the Lair.
 11372 | D:9      | Found a staircase to the Orcish Mines.
 11830 | D:9      | Reached XP level 10. HP: 63/69 MP: 15/26
 11837 | D:9      | Noticed a centaur warrior
 11840 | D:9      | Noticed a centaur warrior
 12058 | D:9      | Reached skill level 10 in Conjurations
 12335 | D:9      | Killed a centaur warrior
 12698 | D:9      | Reached skill level 5 in Fire Magic
 12785 | D:9      | Noticed a death drake
 12793 | D:9      | Killed a death drake
 12794 | D:9      | Reached skill level 5 in Armour
 13155 | D:9      | Killed a centaur warrior
 13507 | D:10     | Entered Level 10 of the Dungeon
 13507 | D:10     | Noticed a two-headed ogre
 13510 | D:10     | Killed a two-headed ogre
 13514 | D:10     | Reached XP level 11. HP: 74/74 MP: 4/28
 13757 | Orc:1    | Entered Level 1 of the Orcish Mines
 13829 | Orc:2    | Entered Level 2 of the Orcish Mines
 14219 | Orc:2    | Noticed an orc knight
 14329 | Orc:2    | Killed an orc knight
 14485 | Orc:2    | Found a staircase to the Elven Halls.
 14616 | Orc:1    | Found Diument's Armour Shop.
 14616 | Orc:1    | Found Gasafual's Book Shop.
 15317 | Orc:2    | Noticed an orc high priest
 15362 | Orc:2    | Killed an orc high priest
 15490 | Orc:2    | Noticed Maurice
 15494 | Orc:2    | Reached skill level 11 in Conjurations
 15619 | Orc:2    | Killed Maurice
 15762 | Orc:2    | Noticed an orc knight
 15858 | Orc:2    | Killed an orc knight
 15992 | Orc:2    | Noticed an orc knight
 16258 | D:9      | Killed an orc knight
 16534 | Orc:2    | Noticed an orc knight
 16547 | Orc:2    | Killed an orc knight
 16548 | Orc:2    | Reached skill level 10 in Spellcasting
 16629 | Orc:2    | Noticed an orc high priest
 16698 | Orc:2    | Killed an orc high priest
 16939 | Orc:2    | Noticed an orc knight
 16944 | Orc:2    | Killed an orc knight
 17505 | Orc:2    | Noticed an orc high priest
 17531 | Orc:2    | Killed an orc high priest
 17746 | Orc:2    | Found Ucugg's General Store.
 17751 | Orc:2    | Found Suylaaru's Jewellery Boutique.
 17758 | Orc:2    | Found Kanith's Distillery.
 17788 | Orc:2    | Found Felelisch's Assorted Antiques.
 17794 | Orc:2    | Bought a potion of degeneration for 12 gold pieces
 17798 | Orc:2    | Bought a smoky coppery potion for 21 gold pieces
 17798 | Orc:2    | Bought a silvery potion for 21 gold pieces
 17798 | Orc:2    | Bought a scroll of teleportation for 72 gold pieces
 17798 | Orc:2    | Bought 2 potions of curing for 144 gold pieces
 18024 | Orc:1    | Found Juusuepi's Weapon Shoppe.
 18340 | Orc:1    | Found Raqukuf's Jewellery Shoppe.
 18460 | Orc:1    | Bought the ring of the Mage {Wiz Archmagi} for 867 gold
                  | pieces
 18460 | Orc:1    | Found the ring of the Mage {Wiz Archmagi}
 18583 | Lair:1   | Entered Level 1 of the Lair of Beasts
 18695 | Lair:1   | Reached XP level 12. HP: 62/81 MP: 8/30
 19411 | Lair:1   | Noticed a catoblepas
 19418 | Lair:1   | Killed a catoblepas
 19419 | Lair:1   | Reached skill level 12 in Conjurations
 20102 | Lair:1   | Noticed a boulder beetle
 20122 | Lair:1   | Killed a boulder beetle
 21360 | Lair:2   | HP: 4/81 [black mamba (13)]
 21360 | Lair:2   | Mangled by a black mamba

Illustrated notes

Levels and vault maps discovered:
D:1:      psy_arrival_conway, layout_basic, hangedman_decor_points, st_stairs_3,
          serial_bayou_lagoon_b
D:2:      minmay_diamond_boxcup, layout_rooms
D:3:      minmay_chambers_of_threes, layout_loops_ring,
          nicolae_vehumet_altar_sigil, serial_bayou_pond_b, minmay_quantized
D:4:      kennysheep_six_static_rooms, layout_loops_cross,
          nicolae_overflow_crystal_walls, ebering_ghost_sewer_d,
          minmay_surrounded, uniq_duvessa
D:5:      layout_loops_ring, nicolae_uskayaw_dance_hall,
          nicolae_overflow_squiral, minmay_temple_entry_water_ring,
          minivault_25, minmay_misc_feat_enclosed
D:6:      layout_loops_corners, grunt_temple_overflow_growth_and_decay,
          chequers_big_river, st_stairs_6
D:7:      layout_cave_pools, corexii_checkpoint_a, kennysheep_cross_room,
          minmay_splitting_lines, fountainhead
D:8:      layout_basic, lair_entry_dummy, serial_shops, kennysheep_little_box,
          nicolae_shop_stone
D:9:      minmay_distorted_concentric_squares, layout_stronghold, zin_statuary,
          zombieorc1_lemuel, kb_lookout_dungeons_type
D:10:     gammafunk_worm_tunnel, layout_long_grid, doesnt_xom_only_xom
Lair:1:   beast_lair_carwin_large_2, layout_layer_cave, basic_altar
Lair:2:   dreamdust_isle_of_ice, layout_regular_city, beast_lair_carwin_11
Orc:1:    layout_caves, serial_shops, shop, shop, shop, shop, basic_altar
Orc:2:    st_orc_elflike, layout_diamond_mine, mines2_david, uniq_maurice

Skill      XL: |  1  2  3  4  5  6  7  8  9 10 11 12 |
---------------+-------------------------------------+-----
Spellcasting   | 2 3 4 6 7 8 9 10 11 | 11.3
Conjurations   | 4 5 6 7 8 9 10 11 12 | 12.6
Fire Magic     | 3 5 7 9 |  9.0
Armour         | 3 5 7 |  7.3
Dodging        | |  1.7
Stealth        | |  1.7

Action                     |  1- 3 |  4- 6 |  7- 9 | 10-12 || total
---------------------------+-------+-------+-------+-------++-------
  Melee: Unarmed           |     8 |       |       |       ||     8
         Dagger            |       |       |    22 |    37 ||    59
   Cast: Magic Dart        |    90 |    89 |   281 |   157 ||   617
         Searing Ray       |       |    14 |    66 |    49 ||   129
         Iskenderun's Myst |       |       |    20 |    98 ||   118
         Fireball          |       |       |       |    97 ||    97
  Evoke: Wand              |       |       |       |    13 ||    13
    Use: Potion            |       |     1 |       |     2 ||     3
         Scroll            |       |       |       |    12 ||    12
 Armour: Robe              |     4 |     4 |    12 |       ||    20
         Ring mail         |       |       |    24 |    64 ||    88
  Dodge: Dodged            |    20 |    28 |    77 |   100 ||   225

Table legend: (Time is in decaauts)
 A = Elapsed time spent in this place.
 B = Non-inter-level travel time spent in this place.
 C = Inter-level travel time spent in this place.
 D = Time resting spent in this place.
 E = Time spent auto-exploring this place.
 F = Levels seen in this place.
 G = Mean time per level.
                   A        B        C        D        E       F      G
               +--------+--------+--------+--------+--------+-----+--------+
         Total |  21422 |  20610 |    812 |    199 |  17442 |  14 | 1530.1 |
       Dungeon |  14252 |  13609 |    643 |    161 |  11612 |  10 | 1425.2 |
          Lair |   2776 |   2738 |     38 |      0 |   2400 |   2 | 1388.0 |
  Orcish Mines |   4394 |   4264 |    130 |     38 |   3430 |   2 | 2197.0 |
               +--------+--------+--------+--------+--------+-----+--------+

Top non-repeatable levels by time:
     D:9: 3664 daAuts
   Orc:2: 3393 daAuts
  Lair:1: 2525 daAuts
     D:4: 2040 daAuts
     D:6: 1698 daAuts
     D:3: 1603 daAuts
     D:5: 1541 daAuts
   Orc:1: 1000 daAuts
     D:1: 986 daAuts
     D:8: 874 daAuts
     D:2: 859 daAuts
     D:7: 788 daAuts
  Lair:2: 250 daAuts
    D:10: 194 daAuts
